 Dungeon Crawl Stone Soup version 0.25.1-9-gc5326a611f (webtiles) character file.

Game seed: 11375623878445104706

4644 waltergilman the Cleaver (level 10, -2/90 HPs)
             Began as a Hill Orc Fighter on Jan 2, 2021.
             Slain by a two-headed ogre
             ... wielding a +0 giant club
              (22 damage)
             ... on level 9 of the Dungeon on Jan 4, 2021.
             The game lasted 00:27:08 (10009 turns).

waltergilman the Cleaver (Hill Orc Fighter)        Turns: 10009, Time: 00:27:08

Health: -2/90      AC: 17    Str: 23    XL:     10   Next: 43%
Magic:  19/19      EV:  5    Int:  8    God:
Gold:   286        SH: 16    Dex: 10    Spells: 9/9 levels left

rFire    . . .     SeeInvis .   a - +1 war axe
rCold    . . .     Gourm    .   c - +0 kite shield
rNeg     . . .     Faith    .   l - +1 plate armour
rPois    +         Spirit   .   (no helmet)
rElec    .         Reflect  +   (no cloak)
rCorr    .         Harm     .   C - +2 pair of gloves
MR       .....                  (no boots)
Stlth    ..........             p - amulet of reflection
HPRegen  0.25/turn              u - ring of poison resistance
MPRegen  0.16/turn              q - ring of magical power

@: no status effects
A: no striking features
a: no special abilities


You were on level 9 of the Dungeon.
You were not hungry.

You visited 1 branch of the dungeon, and saw 9 of its levels.
You also visited: Sewer.

You collected 370 gold pieces.
You spent 84 gold pieces at shops.

Inventory:

Hand Weapons
 a - a +1 war axe (weapon)
 G - the +4 spear of Doom {vamp, +Blink Str+3 Dex+2}
   (You found it on level 8 of the Dungeon)

   It inflicts no extra harm, but heals its wielder when it wounds a living foe.
   It affects your strength (+3).
   It affects your dexterity (+2).
   It lets you blink.
Armour
 b - a +0 scale mail
 c - a +0 kite shield (worn)
 l - a +1 plate armour (worn)
 C - a +2 pair of gloves (worn)
Jewellery
 d - an uncursed ring of positive energy {unknown}
 p - an amulet of reflection (around neck)
 q - a ring of magical power (right hand)
 u - a ring of poison resistance (left hand)
 y - an uncursed amulet of the acrobat
Wands
 x - a wand of iceblast (21)
Scrolls
 e - 10 scrolls of teleportation
 i - a scroll of immolation
 j - 3 scrolls of remove curse
 k - 5 scrolls of magic mapping
 o - a scroll of amnesia
 r - a scroll of blinking
 s - 3 scrolls of enchant armour
 t - a scroll of enchant weapon
 E - a scroll of identify
Potions
 g - 2 potions of lignification
 h - 3 potions of cancellation
 m - a potion of magic
 n - 7 potions of curing
 v - 2 potions of haste
 w - 3 potions of mutation
 z - a potion of ambrosia {unknown}
 A - a potion of brilliance
 B - 4 potions of heal wounds
 D - 2 potions of berserk rage
Comestibles
 f - 8 rations
 F - a chunk of flesh


   Skills:
 + Level 8.7 Fighting
 + Level 12.4(12.5) Axes
 + Level 1.2(6.9) Polearms
 + Level 7.8 Armour
 + Level 0.6 Dodging
 + Level 8.0 Shields


You had 9 spell levels left.
You didn't know any spells.
Your spell library contained the following spells:

 Spells                   Type           Power        Failure   Level  Hunger
 Foxfire                  Conj/Fire      #...         100%        1    ##.....
 Confusing Touch          Hex            #.......     100%        3    ####...
 Conjure Flame            Conj/Fire      #.......     100%        3    ####...
 Gell's Gravitas          Tloc           #.........   100%        3    ####...
 Inner Flame              Hex/Fire       #.......     100%        3    ####...
 Petrify                  Tmut/Erth      #.......     100%        4    #####..
 Sticky Flame             Conj/Fire      #.......     100%        4    #####..
 Fireball                 Conj/Fire      #.........   100%        5    ######.
 Metabolic Englaciation   Hex/Ice        #.........   100%        5    ######.
 Yara's Violent Unravell  Hex/Tmut       #.........   100%        5    ######.


Dungeon Overview and Level Annotations

Branches:
Dungeon (9/15)             Temple (0/1) D:7           Sewer (visited)
   Lair: D:8-11         Orc: D:9-12

Altars:
Cheibriados
Elyvilon
Gozag
Hepliaklqana
Qazlal
Sif Muna
Uskayaw

Shops:
D:7 ?


Message History

You are too injured to fight recklessly!
You are too injured to fight recklessly!
You are too injured to fight recklessly!
You are too injured to fight recklessly!
You are too injured to fight recklessly!
You are too injured to fight recklessly!
You are too injured to fight recklessly!
You are too injured to fight recklessly!
You hit the two-headed ogre.
The two-headed ogre is heavily wounded.
You hit the two-headed ogre.
The two-headed ogre is heavily wounded.
The two-headed ogre hits you with a +0 giant club!
The two-headed ogre hits you but does no damage.
You hit the two-headed ogre but do no damage.
The two-headed ogre is heavily wounded.
The two-headed ogre hits you with a +0 giant club!
* * * LOW HITPOINT WARNING * * *
The two-headed ogre hits you with a +0 giant spiked club!!
You die...

###'### #......#
##.###### #>..#
##'###### #...
#'####### #÷.≈# ####.
........# ##)≈# +
........# #(.≈###+###
........####..≈#.....#
........'..#####.....#
........##....#......#
........#####.#.@O...#
........# #.#......#
........# #.'......+
######### ###......#
########


You could see a two-headed ogre.

Vanquished Creatures
  A two-headed ogre (D:8)
  A merfolk (D:9)
  A hungry ghost (D:8)
  3 water moccasins
  2 ice beasts (D:8)
  2 orc warriors
  A hornet zombie (D:9)
  4 phantoms
  2 ogres
  A centaur (D:8)
  2 big kobolds (D:7)
  7 bullfrogs
  A water moccasin zombie (D:9)
  A scorpion (D:4)
  4 killer bees (D:8)
  2 howler monkeys (D:6)
  3 crimson imps
  2 jellies (D:8)
  3 centaur zombies
  2 hounds
  6 orc wizards
  An orc priest (D:7)
  2 centaur skeletons
  2 iguanas (D:6)
  Natasha (thrice) (D:4)
  7 worker ants
  A hound skeleton (D:7)
  A howler monkey zombie (D:7)
  A worker ant zombie (D:6)
  20 adders
  5 river rats (Sewer)
  5 shadow imps
  2 oozes
  2 adder skeletons
  2 worms
  6 dart slugs
  7 leopard geckos
  21 orcs
  13 bats
  3 giant cockroaches (D:1)
  15 goblins
  6 hobgoblins
  7 jackals
  3 quokkas
  9 ball pythons
  7 frilled lizards
  13 kobolds
  2 leopard gecko zombies (D:5)
  A quokka zombie (D:8)
  28 rats
246 creatures vanquished.

Notes
Turn   | Place    | Note
-------+----------+-------------------------------------------
     0 | D:1      | waltergilman the Hill Orc Fighter began the quest for the
                  | Orb.
     0 | D:1      | Reached XP level 1. HP: 19/19 MP: 1/1
    74 | D:1      | Reached XP level 2. HP: 21/27 MP: 2/2
    84 | D:1      | Reached skill level 3 in Axes
   518 | D:1      | Reached XP level 3. HP: 32/33 MP: 3/3
  1101 | D:2      | Reached XP level 4. HP: 37/41 MP: 4/4
  1260 | D:2      | Reached skill level 4 in Axes
  1983 | D:2      | Reached XP level 5. HP: 46/47 MP: 5/5
  3512 | D:4      | Noticed Natasha
  3520 | D:4      | Killed Natasha
  3520 | D:4      | Reached skill level 5 in Fighting
  3564 | D:4      | Noticed Natasha
  3576 | D:4      | Killed Natasha
  3576 | D:4      | Reached skill level 5 in Axes
  3576 | D:4      | Reached XP level 6. HP: 44/56 MP: 6/6
  3965 | D:4      | Noticed a phantom
  3983 | D:4      | Killed a phantom
  4056 | D:4      | Reached skill level 6 in Axes
  4201 | D:4      | Reached XP level 7. HP: 57/61 MP: 7/7
  4318 | D:4      | Noticed Natasha
  4328 | D:4      | Killed Natasha
  4640 | D:4      | Reached skill level 5 in Armour
  4832 | D:5      | Entered Level 5 of the Dungeon
  4867 | D:5      | Reached skill level 5 in Shields
  5184 | D:5      | Reached skill level 7 in Axes
  5756 | D:6      | Found a white marble altar of Elyvilon.
  5759 | D:6      | Reached XP level 8. HP: 25/70 MP: 8/8
  5821 | D:6      | Found an opulent altar of Gozag.
  5833 | D:6      | Reached skill level 8 in Axes
  6211 | D:6      | Found a glowing drain.
  6237 | Sewer    | Entered a sewer
  6752 | Sewer    | Reached skill level 9 in Axes
  7497 | D:7      | Reached XP level 9. HP: 71/79 MP: 9/9
  7660 | D:7      | Found a staircase to the Ecumenical Temple.
  7834 | D:7      | Found Ezxyewam's Magic Scroll Shoppe.
  7857 | D:7      | Bought a scroll of identify for 28 gold pieces
  7857 | D:7      | Bought a scroll of identify for 28 gold pieces
  7857 | D:7      | Bought a scroll of identify for 28 gold pieces
  7941 | D:7      | Reached skill level 10 in Axes
  8445 | D:8      | Found a hide-covered altar of Uskayaw.
  8471 | D:8      | Found a hazy altar of Hepliaklqana.
  8473 | D:8      | Found a shimmering blue altar of Sif Muna.
  8669 | D:8      | Found a stormy altar of Qazlal.
  8743 | D:8      | Got an ichor-stained spear
  8744 | D:8      | Identified the +4 spear of Doom {vamp, +Blink Str+3 Dex+2}
                  | (You found it on level 8 of the Dungeon)
  8879 | D:8      | Found a snail-covered altar of Cheibriados.
  8907 | D:8      | Noticed a two-headed ogre
  8918 | D:8      | Killed a two-headed ogre
  8918 | D:8      | Reached skill level 11 in Axes
  9151 | D:8      | Reached XP level 10. HP: 83/89 MP: 10/10
  9169 | D:8      | Reached skill level 1 in Polearms
  9714 | D:9      | Reached skill level 12 in Axes
  9994 | D:9      | Noticed a two-headed ogre
 10009 | D:9      | Slain by a two-headed ogre

Illustrated notes

Levels and vault maps discovered:
D:1:      lightli_arrival_windingriver, layout_basic, moated_statue
D:2:      layout_basic, kennysheep_generic_room_6
D:3:      layout_loops_corners, first_ration, feat_on_display
D:4:      layout_basic, uniq_natasha
D:5:      layout_rooms, roderic_lattice_a
D:6:      layout_basic, grunt_temple_overflow_open, cheibrodos_sewer_entry_bend,
          hangedman_abyss_or_decor_stabs
D:7:      layout_basic, temple_pool_b, serial_shops, shop
D:8:      layout_loops_corners, nicolae_qazlal_style_of_elements,
          nicolae_overflow_hidden_temple
D:9:      layout_roguey, basic_altar, hangedman_fish_farm

Skill      XL: |  1  2  3  4  5  6  7  8  9 10 |
---------------+-------------------------------+-----
Fighting       | 4 5 7 8 |  8.7
Axes           | 3 4 5 6 7 9 11 12 | 12.4
Shields        | 4 5 6 7 8 |  8.0
Armour         | 4 5 6 7 |  7.8
Polearms       | 1 |  1.2
Dodging        | |  0.6

Action                   |  1- 3 |  4- 6 |  7- 9 | 10-12 || total
-------------------------+-------+-------+-------+-------++-------
Melee: War axe           |   109 |   350 |   504 |   160 ||  1123
       Spear             |       |       |     2 |       ||     2
  Use: Scroll            |       |       |    21 |       ||    21
       Potion            |       |       |     2 |       ||     2
  Eat: Chunk             |     1 |    11 |     9 |     6 ||    27
       Ration            |       |       |     2 |       ||     2
Armor: Scale mail        |    30 |       |       |       ||    30
       Plate armour      |    26 |   239 |   302 |    59 ||   626
Dodge: Dodged            |    32 |    44 |    71 |    22 ||   169
Block: Kite shield       |    68 |   208 |   279 |   113 ||   668
